 Dungeon Crawl Stone Soup version 0.27-a0-920-gb2bd10914a (webtiles) character file.

Game seed: 3863771194466091733

167153 gruber the Fighter (level 17, 0/140 HPs)
             Began as a Gnoll Wanderer on Apr 9, 2021.
             Was an Initiate of Gozag.
             Succumbed to poison (dark miasma)
             ... on level 1 of the Swamp on Apr 10, 2021.
             The game lasted 00:46:57 (28667 turns).

gruber the Fighter (Gnoll Wanderer)                Turns: 28667, Time: 00:46:58

Health: 0/140      AC: 17    Str: 17    XL:     17   Next: 91%
Magic:  18/32      EV: 19    Int: 12    God:    Gozag
Gold:   7335       SH:  0    Dex: 21    Spells: 10/38 levels left

rFire    + + +     SeeInvis .   T - +11 broad axe of the Hall of Blades {flame, rF+ Int-4 Stlth+}
rCold    + . .     Faith    .   (no shield)
rNeg     . . .     Spirit   +   C - +0 acid dragon scales
rPois    .         Reflect  .   S - +0 helmet {Int+3}
rElec    .         Harm     .   R - scarf {rC+ rF+}
rCorr    +         Rampage  .   Q - +2 pair of gloves {Dex+3}
Will     +....                  U - +2 pair of boots of Repulsion {Regen+}
Stlth    ++++++....             A - amulet of guardian spirit
HPRegen  1.33/turn              O - +6 ring of dexterity
MPRegen  0.23/turn              G - ring of protection from fire

@: lethally poisoned (0 -> -12), gold aura, slowed, studying 2 skills, very slow
A: fangs 1, strong nose, distributed training
a: Renounce Religion, Potion Petition, Call Merchant, Bribe Branch


You were on level 1 of the Swamp.
You worshipped Gozag.
Gozag was greatly pleased with you.
You visited 3 branches of the dungeon, and saw 22 of its levels.
You also visited: Volcano.

You collected 7619 gold pieces.
You spent 266 gold pieces at shops.
You paid 18 gold pieces to Gozag.

Inventory:

Hand Weapons
 h - a +4 shortbow of flaming
 u - the +8 dagger of Compulsion {protect, rC+ Will+ Stlth+}
   (You found it on level 2 of the Lair of Beasts)

   It grants its wielder temporary protection when it strikes (+7 to AC).
   It protects you from cold.
   It increases your willpower.
   It makes you more stealthy.
 v - the +9 spear of Gumoxeh {elec, rPois}
   (You took it off a centaur on level 5 of the Dungeon)

   Occasionally, upon striking a foe, it can discharge electrical energy and
   cause terrible harm.
   It protects you from poison.
 x - the +6 hand axe of Focus {vorpal, rElec Int+9}
   (You found it on level 5 of the Dungeon)

   It inflicts extra damage upon your enemies.
   It affects your intelligence (+9).
   It insulates you from electricity.
 T - the +11 broad axe of the Hall of Blades (weapon) {flame, rF+ Int-4 Stlth+}
   (You found it on level 6 of the Lair of Beasts)

   It has been specially enchanted to burn those struck by it, causing extra
   injury to most foes and up to half again as much damage against particularly
   susceptible opponents.
   Big, fiery blades are also staple armaments of hydra-hunters.
   It affects your intelligence (-4).
   It protects you from fire.
   It makes you more stealthy.
Missiles
 b - 616 arrows
 o - 12 curare-tipped darts
 y - 4 boomerangs of dispersal (quivered)
 H - a throwing net
 K - 16 atropa-tipped darts
Armour
 C - +0 acid dragon scales (worn)
 Q - a +2 pair of gloves of dexterity (worn)
 R - a scarf of resistance (worn)
 S - a +0 helmet of intelligence (worn)
 U - the +2 pair of boots of Repulsion (worn) {Regen+}
   (You found it on level 11 of the Dungeon)

   It increases your rate of health regeneration.
Jewellery
 A - an amulet of guardian spirit (around neck)
 G - a ring of protection from fire (right hand)
 O - a +6 ring of dexterity (left hand)
 X - a ring of protection from cold
Wands
 e - a wand of paralysis (10)
 n - a wand of random effects (17)
 q - a wand of mindburst (33)
 r - a wand of digging (7)
 E - a wand of polymorph (8)
 L - a wand of charming (14)
 Y - a wand of iceblast (6)
Scrolls
 a - 6 scrolls of identify
 d - 4 scrolls of silence {unknown}
 g - 11 scrolls of teleportation
 i - a scroll of enchant armour {unknown}
 j - 2 scrolls of vulnerability {unknown}
 l - 6 scrolls of amnesia
 B - 2 scrolls of magic mapping {unknown}
 D - 2 scrolls of brand weapon {unknown}
 F - 2 scrolls of fear
 J - 3 scrolls of fog
 W - 3 scrolls of blinking
 Z - a scroll of noise
Potions
 c - 5 potions of lignification
 f - 4 potions of mutation
 k - 4 potions of magic
 m - a potion of haste
 p - 8 potions of curing
 s - 3 potions of flight
 t - a potion of resistance
 w - 6 potions of brilliance
 z - 6 potions of attraction
 M - a potion of berserk rage
 N - 5 potions of might
 P - 3 potions of ambrosia
 V - 4 potions of heal wounds
Miscellaneous
 I - a condenser vane


   Skills:
 + Level 14.4 Fighting
 + Level 11.0 Short Blades
 + Level 11.0 Long Blades
 + Level 11.0 Axes
 + Level 11.0 Maces & Flails
 + Level 11.0 Polearms
 + Level 13.8 Staves
 + Level 11.0 Slings
 + Level 11.8 Bows
 + Level 11.0 Crossbows
 + Level 11.8 Throwing
 + Level 11.0 Armour
 + Level 11.2 Dodging
 + Level 11.0 Stealth
 + Level 11.0 Shields
 + Level 11.0 Unarmed Combat
 + Level 11.0 Spellcasting
 + Level 9.3 Conjurations
 + Level 9.8 Hexes
 + Level 9.3 Summonings
 + Level 9.3 Necromancy
 + Level 9.3 Translocations
 + Level 9.3 Transmutations
 + Level 9.3 Fire Magic
 + Level 9.3 Ice Magic
 + Level 9.3 Air Magic
 + Level 9.3 Earth Magic
 + Level 9.3 Poison Magic
 + Level 11.8 Invocations
 + Level 11.0 Evocations


You had 10 spell levels left.
You knew the following spells:

 Your Spells              Type           Power      Damage    Failure   Level
a - Blink                 Tloc           N/A        N/A       1%          2
b - Mephitic Cloud        Conj/Pois/Air  29%        N/A       1%          3
c - Animate Armour        Summ/Erth      58%        N/A       3%          4
d - Olgreb's Toxic Radia  Pois           29%        N/A       3%          4
e - Summon Lightning Spi  Summ/Air       29%        N/A       3%          4
f - Silence               Hex/Air        14%        N/A       8%          5
g - Freezing Cloud        Conj/Ice/Air   14%        6-21      41%         6

Your spell library contained the following spells:

 Spells                   Type           Power      Damage    Failure   Level
 Animate Skeleton         Necr           58%        N/A       1%          1
 Apportation              Tloc           58%        N/A       1%          1
 Beastly Appendage        Tmut           58%        N/A       1%          1
 Corona                   Hex            33%        N/A       1%          1
 Magic Dart               Conj           100%       1d8       1%          1
 Sting                    Tmut/Pois      100%       1d8       1%          1
 Summon Small Mammal      Summ           100%       N/A       1%          1
 Call Imp                 Summ           29%        N/A       1%          2
 Poisonous Vapours        Pois/Air       58%        N/A       1%          2
 Searing Ray              Conj           58%        3d5       1%          2
 Slow                     Hex            30%        N/A       1%          2
 Wereblood                Tmut           29%        N/A       1%          2
 Confusing Touch          Hex            30%        N/A       1%          3
 Conjure Flame            Conj/Fire      29%        6-21      1%          3
 Gell's Gravitas          Tloc           14%        N/A       1%          3
 Ignite Poison            Fire/Tmut/Pois 29%        N/A       1%          3
 Spider Form              Tmut/Pois      14%        N/A       1%          3
 Ice Form                 Ice/Tmut       29%        N/A       3%          4
 Iskenderun's Mystic Bla  Conj/Tloc      29%        2d7       3%          4
 Petrify                  Tmut/Erth      29%        N/A       3%          4
 Metabolic Englaciation   Hex/Ice        14%        N/A       8%          5
 Yara's Violent Unravell  Hex/Tmut       14%        3d7       8%          5
 Bolt of Magma            Conj/Fire/Erth 14%        4d8       9%          5
 Fireball                 Conj/Fire      14%        3d8       9%          5
 Hydra Form               Tmut           14%        N/A       9%          5
 Iskenderun's Battlesphe  Conj           29%        2d8       9%          5
 Conjure Ball Lightning   Conj/Air       14%        3x3d6     41%         6
 Iron Shot                Conj/Erth      14%        9d4       41%         6
 Orb of Destruction       Conj           14%        9d7       94%         7
 Spellforged Servitor     Conj/Summ      14%        N/A       94%         7
 Tornado                  Air            14%        N/A       100%        9


Dungeon Overview and Level Annotations

Branches:
Dungeon (15/15)            Temple (0/1) D:5            Lair (6/6) D:9
  Swamp (1/4) Lair:3       Spider (0/4) Lair:4        Slime (0/5) Lair:6
    Orc (0/2) D:10         Vaults (0/5) D:13         Depths (0/5) D:15
Volcano (visited)

Altars:
Dithmenos
Elyvilon
Fedhas
Gozag
Hepliaklqana
Kikubaaqudgha
Okawaru
Ru
Vehumet
Wu Jian
Xom
Yredelemnul
Jiyva

Shops:
D:5 ((*!=   D:6 ?(=

Annotations:
D:4 1 runed translucent door, funkygono's ghost, amateur DjFE
D:5 3 runed translucent doors, Lanoc's ghost, novice TrEE; casual's ghost, novice DjTm
Lair:6 1 runed translucent door


Innate Abilities, Weirdness & Mutations

You have very sharp teeth.
Your uncanny sense of smell can sniff out nearby items.
Your experience applies equally to all skills.


Message History

Unknown command.
You hit the death drake. You burn the death drake.
You kill the death drake!
You slash the vampire mosquito! You burn the vampire mosquito.
You are engulfed in dark miasma.
You are more poisoned.
* * * LOW HITPOINT WARNING * * *
You feel extremely sick. The vampire mosquito misses you.
The vampire mosquito closely misses you.
The vampire mosquito bites you!
* * * LOW HITPOINT WARNING * * *
The vampire mosquito draws strength from your injuries!
Your Short Blades skill increases to level 11!
Your Long Blades skill increases to level 11!
Your Axes skill increases to level 11!
Your Maces & Flails skill increases to level 11!
Your Polearms skill increases to level 11!
Your Slings skill increases to level 11!
Your Crossbows skill increases to level 11!
Your Armour skill increases to level 11!
Your Stealth skill increases to level 11!
Your Shields skill increases to level 11!
Your Unarmed Combat skill increases to level 11!
Your Spellcasting skill increases to level 11!
Your Evocations skill increases to level 11!
Unknown command.
Unknown command.
Unknown command.
You slice the vampire mosquito!! You burn the vampire mosquito.
You destroy the vampire mosquito!
* * * LOW HITPOINT WARNING * * *
You feel extremely sick.
Unknown command.
Unknown command.
* * * LOW HITPOINT WARNING * * *
You feel extremely sick.
You see here 7 gold pieces.
You die...
Your body crumbles into a pile of gold.

.≈≈≈≈≈≈≈≈≈≈≈.≈..
.≈≈≈≈≈≈≈≈≈≈≈≈≈≈≈
≈≈≈≈≈≈≈§≈≈.≈≈≈≈≈
≈.≈≈≈..≈§ .≈≈≈≈≈
....≈≈.. .≈≈≈≈
♣.≈(.♣♣≈.≈
♣≈.≈[.≈♣ ♣.$@♣
♣.≈$...♣
♣.≈≈§≈.♣♣
♣...≈≈.♣
♣♣.....♣
≈.≈.≈≈≈♣
...≈.♣♣♣♣ ♣♣♣♣♣


You could see a friendly animated acid dragon scales (summoned).

Vanquished Creatures
  Rupert (D:12)
  Kirke (D:15)
  The ghost of Ywerph the Carver, a journeyman DjDe of Makhleb (Lair:6)
  The ghost of Siteim the Basher, a journeyman MiAK of Lugonu (Lair:3)
  A vault guard (D:13)
  13 hydras
  A boulder beetle (D:11)
  7 two-headed ogres
  2 catoblepae
  Harold (D:8)
  The ghost of PeterLawrence the Basher, a novice MiFi of Okawaru (D:9)
  An anaconda (Lair:6)
  5 centaur warriors
  2 death knights
  A hell knight (Volcano)
  A salamander mystic (Volcano)
  A shadow wraith (D:13)
  Nergalle (D:12)
  3 skeletal warriors
  A death drake (Swamp:1)
  A phantasmal warrior (D:12)
  2 deep elf pyromancers
  3 deep elf zephyrmancers (D:15)
  A necromancer (D:15)
  An orc sorcerer (D:15)
  2 oklob plants (Lair:4)
  A cyclops (D:12)
  2 manticores
  4 salamanders (Volcano)
  2 molten gargoyles (Volcano)
  7 black mambas
  3 elephants (Lair:4)
  2 gargoyles
  31 cane toads
  7 komodo dragons
  3 efreet
  3 freezing wraiths
  7 rime drakes
  2 polar bears
  5 trolls
  4 tyrant leeches (Lair:6)
  A hornet (D:8)
  20 blink frogs
  4 dream sheep (Lair:5)
  A blink frog (shapeshifter) (D:13)
  3 slime creatures (D:14)
  A meliai zombie (D:11)
  A tarantella (shapeshifter) (D:15)
  A shadow (D:11)
  A water elemental (D:14)
  7 wyverns
  5 wraiths
  Sigmund (D:2)
  7 hogs (D:15)
  2 fire bats (Volcano)
  72 yaks
  6 basilisks
  A golden eye (shapeshifter) (D:13)
  9 vampire mosquitoes
  3 steam dragons
  A swamp worm (Lair:3)
  15 water moccasins
  4 acid dragons
  5 orc warriors
  2 hydra simulacra (Lair:3)
  A hornet zombie (D:15)
  A sky beast (D:7)
  A black bear (D:8)
  3 necrophages
  3 ogres
  21 centaurs
  16 bullfrogs
  A scorpion (D:6)
  2 hornet simulacra (D:15)
  A dream sheep simulacrum (Lair:3)
  2 water moccasin skeletons (D:4)
  9 wights
  5 killer bees (D:11)
  An elephant simulacrum (Lair:3)
  2 electric eels (D:14)
  5 centaur zombies
  6 lava snakes
  A hound (D:5)
  2 komodo dragon simulacra (Lair:3)
  A jelly (D:8)
  2 bullfrog skeletons
  3 orc priests
  3 centaur skeletons
  3 iguanas
  Ijyb (D:3)
  Terence (D:2)
  8 orc wizards
  Natasha (thrice) (D:2)
  A basilisk simulacrum (Lair:3)
  A hound zombie (D:5)
  A hound skeleton (D:5)
  A howler monkey zombie (D:8)
  10 adders
  Robin (D:3)
  2 shadow imps
  An ufetubus (D:5)
  2 worms (D:6)
  2 dart slugs
  51 orcs
  6 ball pythons
  4 endoplasms
  3 giant cockroaches
  4 hobgoblins
  2 jackals (D:4)
  3 kobolds
  2 quokkas
  5 bats
  2 frilled lizards (D:3)
  14 goblins
  6 rats
544 creatures vanquished.

Vanquished Creatures (collateral kills)
  A hydra (Lair:6)
  A torpor snail (Lair:6)
  2 cane toads (Lair:6)
  A komodo dragon (Lair:5)
  A tyrant leech (Lair:6)
  3 yaks
  A vampire mosquito (Lair:6)
  A water moccasin (Lair:5)
  4 bullfrogs
15 creatures vanquished.

Vanquished Creatures (others)
  A dancing weapon (D:9)
  A bullfrog (Lair:3)
  A giant cockroach (D:1)
  A goblin (D:1)
  A bush (D:9)
  35 fungi
  90 plants
  5 toadstools (D:7)
135 creatures vanquished.

Grand Total: 694 creatures vanquished

Notes
Turn   | Place    | Note
-------+----------+-------------------------------------------
     0 | D:1      | Reached skill level 10 in Fighting
     0 | D:1      | gruber the Gnoll Wanderer began the quest for the Orb.
     0 | D:1      | gruber set off with the following items: a +2 shortbow, 26
                  | arrows, 2 potions of lignification, a +0 robe
     0 | D:1      | Reached XP level 1. HP: 28/28 MP: 1/1
   149 | D:1      | Reached XP level 2. HP: 36/36 MP: 2/2
   270 | D:1      | Found a faded altar of an unknown god.
   663 | D:2      | Reached XP level 3. HP: 42/42 MP: 3/3
   683 | D:2      | Noticed Sigmund
   693 | D:2      | Killed Sigmund
   694 | D:2      | Reached skill level 1 in Short Blades
   694 | D:2      | Reached skill level 1 in Long Blades
   694 | D:2      | Reached skill level 1 in Axes
   694 | D:2      | Reached skill level 1 in Maces & Flails
   694 | D:2      | Reached skill level 1 in Polearms
   694 | D:2      | Reached skill level 1 in Staves
   694 | D:2      | Reached skill level 1 in Slings
   694 | D:2      | Reached skill level 1 in Crossbows
   694 | D:2      | Reached skill level 1 in Armour
   694 | D:2      | Reached skill level 1 in Stealth
   694 | D:2      | Reached skill level 1 in Shields
   694 | D:2      | Reached skill level 1 in Unarmed Combat
   694 | D:2      | Reached skill level 1 in Spellcasting
   694 | D:2      | Reached skill level 1 in Conjurations
   694 | D:2      | Reached skill level 1 in Hexes
   694 | D:2      | Reached skill level 1 in Summonings
   694 | D:2      | Reached skill level 1 in Necromancy
   694 | D:2      | Reached skill level 1 in Translocations
   694 | D:2      | Reached skill level 1 in Transmutations
   694 | D:2      | Reached skill level 1 in Fire Magic
   694 | D:2      | Reached skill level 1 in Ice Magic
   694 | D:2      | Reached skill level 1 in Air Magic
   694 | D:2      | Reached skill level 1 in Earth Magic
   694 | D:2      | Reached skill level 1 in Poison Magic
   694 | D:2      | Reached skill level 1 in Invocations
   694 | D:2      | Reached skill level 1 in Evocations
   694 | D:2      | Reached XP level 4. HP: 44/48 MP: 3/6
   694 | D:2      | Reached XP level 5. HP: 50/54 MP: 3/7
   870 | D:2      | Noticed Natasha
   875 | D:2      | Killed Natasha
  1146 | D:2      | Noticed Natasha
  1151 | D:2      | Killed Natasha
  1152 | D:2      | Reached XP level 6. HP: 59/61 MP: 8/8
  1202 | D:2      | Noticed Natasha
  1206 | D:2      | Killed Natasha
  1606 | D:3      | Noticed Ijyb
  1613 | D:3      | Killed Ijyb
  1614 | D:3      | Reached skill level 5 in Bows
  1614 | D:3      | Reached skill level 5 in Throwing
  1705 | D:3      | Noticed Robin
  1731 | D:3      | Killed Robin
  2027 | D:3      | Found an ancient bone altar of Kikubaaqudgha.
  2027 | D:3      | Found a blossoming altar of Fedhas.
  2035 | D:3      | Found an opulent altar of Gozag.
  2037 | D:3      | Found a faded altar of an unknown god.
  2038 | D:3      | Found an ornate altar of the Wu Jian Council.
  2055 | D:3      | Became a worshipper of Gozag Ym Sagoz the Greedy
  2171 | D:3      | Noticed Terence
  2214 | D:2      | Killed Terence
  2461 | D:2      | Reached XP level 7. HP: 52/67 MP: 10/10
  2958 | D:3      | You fall into a shaft and drop 2 floors!
  2958 | D:5      | Entered Level 5 of the Dungeon
  2966 | D:5      | Learned a level 2 spell: Blink
  2982 | D:5      | Found Ajuttobb's Distillery.
  3010 | D:5      | Found Exomir's Weapon Shoppe.
  3013 | D:5      | Found Folosme's Assorted Antiques.
  3013 | D:5      | Found Cigg's Weapon Shoppe.
  3021 | D:5      | Bought a potion of curing for 30 gold pieces
  3021 | D:5      | Bought a potion of degeneration for 10 gold pieces
  3062 | D:5      | Found a shimmering altar of Xom.
  3064 | D:5      | Found an iron altar of Okawaru.
  3065 | D:5      | Found a radiant altar of Vehumet.
  3065 | D:5      | Found a sacrificial altar of Ru.
  3095 | D:5      | Found Onwefah's Jewellery Shop.
  3101 | D:5      | Identified the +9 spear of Gumoxeh {elec, rPois}
  3467 | D:4      | Reached XP level 8. HP: 74/74 MP: 12/12
  3583 | D:4      | Found a runed translucent door.
  3586 | D:4      | Noticed funkygono's ghost (amateur DjFE)
  3812 | D:5      | Found a shadowy altar of Dithmenos.
  3812 | D:5      | Noticed a shadow
  3813 | D:5      | Found a hazy altar of Hepliaklqana.
  4014 | D:5      | Found a staircase to the Ecumenical Temple.
  4235 | D:5      | Identified the +6 hand axe of Focus {vorpal, rElec Int+9}
  4339 | D:5      | Found a runed translucent gate.
  4339 | D:5      | Found a runed translucent gate.
  4341 | D:5      | Found a runed translucent gate.
  4343 | D:5      | Noticed Lanoc's ghost (novice TrEE)
  4343 | D:5      | Noticed casual's ghost (novice DjTm)
  4562 | D:6      | Found Epnyg's Antique Weapon Emporium.
  4576 | D:6      | Bought a scorched hand axe for 184 gold pieces
  4576 | D:6      | Identified the +8 hand axe of Virtue {vorpal, *Noise rF++
                  | rN+++ Stlth-} (You bought it in a shop on level 6 of the
                  | Dungeon)
  4746 | D:6      | Found a white marble altar of Elyvilon.
  5067 | D:6      | Found a basalt altar of Yredelemnul.
  5113 | D:6      | Found Gebukk's Magic Scroll Shop.
  5122 | D:6      | Bought a scroll of teleportation for 42 gold pieces
  5269 | D:6      | Found Wuschoygg's Jewellery Emporium.
  5274 | D:6      | Learned a level 3 spell: Mephitic Cloud
  5486 | D:7      | Reached skill level 11 in Fighting
  5599 | D:7      | Reached XP level 9. HP: 81/81 MP: 14/14
  6487 | D:8      | Reached skill level 5 in Dodging
  6768 | D:8      | Reached skill level 5 in Invocations
  7059 | D:8      | Noticed Harold
  7476 | D:7      | Reached XP level 10. HP: 88/88 MP: 17/17
  8141 | D:7      | Reached skill level 5 in Short Blades
  8141 | D:7      | Reached skill level 5 in Long Blades
  8141 | D:7      | Reached skill level 5 in Axes
  8141 | D:7      | Reached skill level 5 in Maces & Flails
  8141 | D:7      | Reached skill level 5 in Polearms
  8141 | D:7      | Reached skill level 5 in Staves
  8141 | D:7      | Reached skill level 5 in Slings
  8141 | D:7      | Reached skill level 5 in Crossbows
  8141 | D:7      | Reached skill level 5 in Armour
  8141 | D:7      | Reached skill level 5 in Stealth
  8141 | D:7      | Reached skill level 5 in Shields
  8141 | D:7      | Reached skill level 5 in Unarmed Combat
  8141 | D:7      | Reached skill level 5 in Spellcasting
  8141 | D:7      | Reached skill level 5 in Evocations
  8945 | D:8      | Killed Harold
 10133 | D:9      | Found a runed translucent door.
 10198 | D:9      | Found a shimmering altar of Xom.
 10198 | D:9      | Noticed PeterLawrence's ghost (novice MiFi)
 10198 | D:9      | Noticed a +0 flail of chaos
 10212 | D:9      | Reached XP level 11. HP: 34/95 MP: 3/19
 10565 | D:9      | Found a staircase to the Lair.
 10806 | D:9      | Reached skill level 5 in Conjurations
 10806 | D:9      | Reached skill level 5 in Hexes
 10806 | D:9      | Reached skill level 5 in Summonings
 10806 | D:9      | Reached skill level 5 in Necromancy
 10806 | D:9      | Reached skill level 5 in Translocations
 10806 | D:9      | Reached skill level 5 in Transmutations
 10806 | D:9      | Reached skill level 5 in Fire Magic
 10806 | D:9      | Reached skill level 5 in Ice Magic
 10806 | D:9      | Reached skill level 5 in Air Magic
 10806 | D:9      | Reached skill level 5 in Earth Magic
 10806 | D:9      | Reached skill level 5 in Poison Magic
 11384 | D:10     | Entered Level 10 of the Dungeon
 11445 | D:10     | Found a staircase to the Orcish Mines.
 11447 | D:10     | Noticed a two-headed ogre
 11537 | D:10     | Killed a two-headed ogre
 12247 | D:10     | Noticed a two-headed ogre
 12265 | D:10     | Killed a two-headed ogre
 12415 | D:10     | Reached skill level 12 in Fighting
 13624 | D:11     | Identified the +2 pair of boots of Repulsion {Regen+}
 13791 | D:11     | Noticed a two-headed ogre
 13802 | D:11     | Killed a two-headed ogre
 13807 | D:11     | Noticed a two-headed ogre
 13816 | D:11     | Killed a two-headed ogre
 13964 | D:11     | Identified the +1 robe of the Game of Kings {*Corrode rElec
                  | rN+++ Will+}
 13965 | D:11     | Noticed a boulder beetle
 13990 | D:11     | Killed a boulder beetle
 13991 | D:11     | Reached XP level 12. HP: 78/102 MP: 7/22
 14627 | D:12     | Noticed Nergalle
 14663 | D:12     | Killed Nergalle
 14678 | D:12     | Noticed a two-headed ogre
 14700 | D:12     | Killed a two-headed ogre
 14756 | D:12     | Noticed a seven-headed hydra
 14762 | D:12     | Killed a seven-headed hydra
 14893 | D:12     | Noticed Rupert
 14920 | D:12     | Killed Rupert
 15034 | D:12     | Noticed a death knight
 15072 | D:12     | Killed a death knight
 15577 | D:13     | Noticed a centaur warrior
 15589 | D:13     | Noticed a seven-headed hydra
 15593 | D:13     | Killed a centaur warrior
 15594 | D:13     | Reached XP level 13. HP: 75/109 MP: 13/24
 16341 | D:13     | Noticed a vault guard
 16361 | D:13     | Killed a vault guard
 16426 | D:13     | Reached skill level 13 in Fighting
 16426 | D:13     | Reached skill level 10 in Staves
 16426 | D:13     | Reached XP level 14. HP: 118/118 MP: 26/26
 16427 | D:13     | Reached skill level 10 in Bows
 16427 | D:13     | Reached skill level 10 in Throwing
 16427 | D:13     | Reached XP level 15. HP: 124/124 MP: 26/28
 16428 | D:13     | Reached skill level 10 in Invocations
 16428 | D:13     | Reached XP level 16. HP: 131/131 MP: 26/29
 16459 | D:13     | Found a gate to the Vaults.
 16798 | D:9      | Killed PeterLawrence's ghost
 18042 | D:15     | Entered Level 15 of the Dungeon
 18149 | D:15     | Noticed Kirke
 18374 | D:15     | Killed Kirke
 18441 | D:15     | Found a blossoming altar of Fedhas.
 18517 | D:15     | Reached skill level 10 in Dodging
 19079 | D:15     | Found a staircase to the Depths.
 19325 | Lair:1   | Entered Level 1 of the Lair of Beasts
 20316 | Lair:1   | Identified the +3 helmet "Xaruu" {Contam Harm Rampage rC-}
 20522 | Lair:2   | Reached skill level 10 in Short Blades
 20522 | Lair:2   | Reached skill level 10 in Long Blades
 20522 | Lair:2   | Reached skill level 10 in Axes
 20522 | Lair:2   | Reached skill level 10 in Maces & Flails
 20522 | Lair:2   | Reached skill level 10 in Polearms
 20522 | Lair:2   | Reached skill level 10 in Slings
 20522 | Lair:2   | Reached skill level 10 in Crossbows
 20522 | Lair:2   | Reached skill level 10 in Armour
 20522 | Lair:2   | Reached skill level 10 in Stealth
 20522 | Lair:2   | Reached skill level 10 in Shields
 20522 | Lair:2   | Reached skill level 10 in Unarmed Combat
 20522 | Lair:2   | Reached skill level 10 in Spellcasting
 20522 | Lair:2   | Reached skill level 10 in Evocations
 20614 | Lair:2   | Found a dark tunnel.
 20619 | Volcano  | Entered a volcano
 20995 | Volcano  | Found a bloodstained altar of Trog.
 21360 | Lair:2   | Identified 2 scrolls of acquirement
 21360 | Lair:2   | Acquired a scarf of resistance
 21374 | Lair:2   | Acquired 946 gold pieces
 21403 | Lair:2   | Identified the +8 dagger of Compulsion {protect, rC+ Will+
                  | Stlth+}
 21435 | Lair:2   | Reached XP level 17. HP: 138/138 MP: 31/31
 22222 | Lair:3   | You fall into a shaft and drop 1 floor!
 22720 | Lair:3   | Found a runed translucent gate.
 22720 | Lair:3   | Found a runed translucent gate.
 22720 | Lair:3   | Found a runed translucent gate.
 22865 | Lair:3   | Noticed Siteim's ghost (journeyman MiAK)
 22987 | Lair:3   | Reached skill level 14 in Fighting
 23190 | Lair:3   | Found a staircase to the Swamp.
 23900 | Lair:3   | Killed Siteim's ghost
 24038 | Lair:4   | Acquired the Disquisition on the Destructive Entourage
 24045 | Lair:4   | Learned a level 4 spell: Animate Armour
 24050 | Lair:4   | Learned a level 4 spell: Olgreb's Toxic Radiance
 24305 | Lair:4   | Found a blossoming altar of Fedhas.
 24531 | Lair:4   | Found a hole to the Spider Nest.
 25701 | Lair:6   | Entered Level 6 of the Lair of Beasts
 26769 | Lair:6   | Found a runed translucent door.
 26822 | Lair:6   | Found a viscous altar of Jiyva.
 26823 | Lair:6   | Found a runed translucent door.
 26899 | Lair:6   | Found a staircase to the Slime Pits.
 27875 | Lair:6   | Noticed Ywerph's ghost (journeyman DjDe)
 27883 | Lair:6   | Learned a level 4 spell: Summon Lightning Spire
 27889 | Lair:6   | Learned a level 5 spell: Silence
 27896 | Lair:6   | Learned a level 6 spell: Freezing Cloud
 27906 | Lair:6   | Killed Ywerph's ghost
 27914 | Lair:6   | Identified the +11 broad axe of the Hall of Blades {flame,
                  | rF+ Int-4 Stlth+}
 28034 | Lair:6   | Identified the +5 chain mail "Senehial" {rCorr MP-9 SInv}
 28654 | Swamp:1  | Entered Level 1 of the Swamp
 28666 | Swamp:1  | HP: 5/140 [poison (dark miasma)]
 28667 | Swamp:1  | Succumbed to poison (dark miasma)

Illustrated notes

Levels and vault maps discovered:
D:1:      scummos_arrival_simple_fountains, layout_basic,
          hellmonk_ecumenical_altar_blasted, lemuel_old_faithful
D:2:      layout_basic, uniq_sigmund, uniq_natasha
D:3:      layout_loops_ring, chequers_temple_overflow_minitemple, uniq_ijyb,
          uniq_terence, uniq_robin
D:4:      layout_cave_pools, hellmonk_ghost_happy_afterlife, feat_on_display
D:5:      layout_rooms, riverfiend_overflow_shadow_ancestor,
          grunt_temple_overflow_open, minmay_temple_entry_junction_2,
          gammafunk_ghost_cemetery, serial_shops, shop, minmay_shop_grid_forest
D:6:      layout_cave_pools, kennysheep_ying_yang, cheibrodos_sewer_entry_bend,
          serial_shops, nicolae_shop_stone, shop, shop, item_on_display_a
D:7:      layout_loops_ring, minmay_gold_behind_fungi, minmay_misc_feat_encased,
          hex_medium, minmay_misc_feat_secret_circle, roderic_lattice_a,
          minivault_27, roderic_serpentine_path, minmay_strange_pillars,
          nrook_mini_vaults
D:8:      layout_loops_cross, kennysheep_generic_room_9, uniq_harold
D:9:      layout_rooms, minmay_lair_entry_grove, ebering_ghost_xom
D:10:     layout_roguey, david_orc_2
D:11:     layout_loops_ring
D:12:     layout_basic, uniq_nergalle, uniq_rupert
D:13:     layout_irregular_city, david_vaults_4
D:14:     layout_roguey, kennysheep_flooded_box, nicolae_lava_and_water
D:15:     grunt_enter_depths_magical_seal, layout_rooms, serial_curves,
          eino_curves_04, eino_curves_04, fedhas_altar_1, uniq_kirke
Lair:1:   layout_misc_corridors
Lair:2:   layout_roguey, enter_volcano_1
Lair:3:   layout_regular_city, palyth_hydra_swamp_entry, gammafunk_ghost_icy,
          chequers_serial_rivers_large_b, grunt_megastairs_4,
          serial_bayou_shore_a
Lair:4:   layout_cave_shapes, spider_nest_entry_web_field, st_stairs_3,
          hangedman_tree_tricks, grunt_megastairs_2
Lair:5:   layout_roguey
Lair:6:   minmay_lair_end_frog_pond, layout_misc_corridors, slime_altar_2,
          ebering_ghost_reflecting_pool, hangedman_lair_generics_rect
Swamp:1:  layout_basic_swamp, evilmike_swamp_ruin_house_5, swamp_pool1,
          beargit_elvish_explorers

Skill      XL: |  1  2  3  4  5  6  7  8  9 10 11 12 13 14 15 16 17 |
---------------+----------------------------------------------------+-----
Fighting       | 11 12 13 14 | 14.4
Short Blades   | 1 2 3 4 5 6 7 8 9 10 11 | 11.0
Long Blades    | 1 2 3 4 5 6 7 8 9 10 11 | 11.0
Axes           | 1 2 3 4 5 6 7 8 9 10 11 | 11.0
Maces & Flails | 1 2 3 4 5 6 7 8 9 10 11 | 11.0
Polearms       | 1 2 3 4 5 6 7 8 9 10 11 | 11.0
Staves         | 1 2 3 4 5 7 9 10 11 12 13 | 13.8
Slings         | 1 2 3 4 5 6 7 8 9 10 11 | 11.0
Crossbows      | 1 2 3 4 5 6 7 8 9 10 11 | 11.0
Armour         | 1 2 3 4 5 6 7 8 9 10 11 | 11.0
Dodging        | 3 4 5 6 7 8 9 10 11 | 11.2
Stealth        | 1 2 3 4 5 6 7 8 9 10 11 | 11.0
Shields        | 1 2 3 4 5 6 7 8 9 10 11 | 11.0
Unarmed Combat | 1 2 3 4 5 6 7 8 9 10 11 | 11.0
Spellcasting   | 1 2 3 4 5 6 7 8 9 10 11 | 11.0
Conjurations   | 1 2 3 4 5 6 7 8 9 |  9.3
Hexes          | 1 2 3 4 5 6 7 8 9 |  9.8
Summonings     | 1 2 3 4 5 6 7 8 9 |  9.3
Necromancy     | 1 2 3 4 5 6 7 8 9 |  9.3
Translocations | 1 2 3 4 5 6 7 8 9 |  9.3
Transmutations | 1 2 3 4 5 6 7 8 9 |  9.3
Fire Magic     | 1 2 3 4 5 6 7 8 9 |  9.3
Ice Magic      | 1 2 3 4 5 6 7 8 9 |  9.3
Air Magic      | 1 2 3 4 5 6 7 8 9 |  9.3
Earth Magic    | 1 2 3 4 5 6 7 8 9 |  9.3
Poison Magic   | 1 2 3 4 5 6 7 8 9 |  9.3
Invocations    | 1 2 3 4 5 6 7 8 9 10 11 | 11.8
Evocations     | 1 2 3 4 5 6 7 8 9 10 11 | 11.0
Bows           | 5 6 7 8 9 10 11 | 11.8
Throwing       | 5 6 7 8 9 10 11 | 11.8

Action                   |  1- 3 |  4- 6 |  7- 9 | 10-12 | 13-15 | 16-18 || total
-------------------------+-------+-------+-------+-------+-------+-------++-------
Melee: Hand axe          |    38 |       |    24 |    17 |       |    46 ||   125
       Bite              |     3 |    12 |    16 |    51 |    15 |   151 ||   248
       Unarmed           |     5 |       |       |       |       |    10 ||    15
       Scythe            |       |    55 |       |       |       |       ||    55
       Dagger            |       |    77 |    90 |       |       |    29 ||   196
       Punch             |       |       |     3 |     4 |       |    59 ||    66
       Spear             |       |       |   120 |   386 |    95 |  1073 ||  1674
       Broad axe         |       |       |       |       |       |    32 ||    32
 Fire: Shortbow          |    17 |     5 |    65 |   151 |       |   200 ||   438
Throw: Dart              |       |       |       |     2 |       |     1 ||     3
 Cast: Blink             |       |       |     3 |     7 |     3 |     7 ||    20
       Mephitic Cloud    |       |       |       |    30 |     8 |     9 ||    47
       Animate Armour    |       |       |       |       |       |    44 ||    44
       Olgreb's Toxic Ra |       |       |       |       |       |    21 ||    21
       Summon Lightning  |       |       |       |       |       |     2 ||     2
Evoke: Condenser vane    |       |       |       |     1 |       |     2 ||     3
       Wand              |       |       |       |     1 |       |     1 ||     2
  Use: Potion            |     1 |       |       |       |     3 |       ||     4
       Scroll            |       |       |     8 |       |     1 |    15 ||    24
 Stab: Sleeping          |       |     4 |     3 |     4 |       |    20 ||    31
       Distracted        |       |       |     2 |       |       |    13 ||    15
       Confused          |       |       |       |    15 |     1 |     6 ||    22
       Invisible         |       |       |       |     1 |       |       ||     1
Armor: Robe              |    12 |    71 |    56 |    52 |       |       ||   191
       Skin              |     3 |       |       |       |       |       ||     3
       Ring mail         |       |       |       |    54 |    54 |   326 ||   434
       Acid dragon scale |       |       |       |       |       |     7 ||     7
Dodge: Dodged            |    39 |   107 |   110 |   204 |    37 |   697 ||  1194
Block: Kite shield       |       |       |       |    50 |    34 |    22 ||   106

Table legend: (Time is in decaauts)
 A = Elapsed time spent in this place.
 B = Non-inter-level travel time spent in this place.
 C = Inter-level travel time spent in this place.
 D = Time resting spent in this place.
 E = Time spent auto-exploring this place.
 F = Levels seen in this place.
 G = Mean time per level.
                   A        B        C        D        E       F      G
               +--------+--------+--------+--------+--------+-----+--------+
         Total |  28236 |  26253 |   1983 |   1202 |  20449 |  23 | 1227.7 |
       Dungeon |  19343 |  17782 |   1561 |   1119 |  13606 |  15 | 1289.5 |
          Lair |   8167 |   7746 |    421 |     83 |   6310 |   6 | 1361.2 |
         Swamp |     16 |     16 |      0 |      0 |      0 |   1 |   16.0 |
       Volcano |    709 |    709 |      0 |      0 |    532 |   1 |  709.0 |
               +--------+--------+--------+--------+--------+-----+--------+

Top non-repeatable levels by time:
     D:8: 2467 daAuts
     D:7: 2265 daAuts
  Lair:6: 2174 daAuts
     D:2: 1665 daAuts
     D:9: 1576 daAuts
  Lair:3: 1559 daAuts
    D:10: 1488 daAuts
  Lair:5: 1431 daAuts
    D:11: 1358 daAuts
    D:12: 1309 daAuts
    D:13: 1251 daAuts
  Lair:4: 1240 daAuts
     D:3: 986 daAuts
    D:14: 972 daAuts
     D:6: 965 daAuts
